 Dungeon Crawl Stone Soup version 0.30-a0-883-g5ad918d77d (webtiles) character file.

Game seed: 10462905842596927298

65 AtlasWard the Grasshopper (level 3, -4/31 HPs)
             Began as an Armataur Warper on Mar 15, 2023.
             Slain by a worm (6 damage)
             ... on level 2 of the Dungeon.
             The game lasted 00:03:25 (1297 turns).

AtlasWard the Grasshopper (Armataur Warper)         Turns: 1297, Time: 00:03:25

Health: -4/31      AC:  4    Str: 18    XL:     3   Next: 92%
Magic:  6/6        EV:  9    Int: 13    God:
Gold:   71         SH:  0    Dex:  9    Spells: 4/6 levels left

rFire   . . .      SeeInvis .    a - +0 mace
rCold   . . .      Faith    .    (no shield)
rNeg    . . .      Spirit   .    b - +0 leather armour
rPois   .          Reflect  .    (no helmet)
rElec   .          Roll     +    (no cloak)
rCorr   .                        (no gloves)
Will    .....                    (no barding)
Stlth   +                        (no amulet)
HPRegen 0.25/turn                (no ring)
MPRegen 0.10/turn                (no ring)

@: no status effects
A: large, rugged brown scales 3, deformed body, armoured tail, roll, long
tongue, awkward tongue
a: no special abilities


You were on level 2 of the Dungeon.
You visited 1 branch of the dungeon, and saw 2 of its levels.

You collected 71 gold pieces.

Inventory:

Hand Weapons
 a - a +0 mace (weapon)
Missiles
 d - 7 boomerangs of dispersal (quivered)
Armour
 b - a +0 leather armour (worn)
 j - a +0 tower shield
Scrolls
 c - 2 scrolls of blinking
 f - a scroll of vulnerability {unknown}
 g - a scroll of identify {unknown}
Potions
 e - a potion of mutation {unknown}
 h - a potion of degeneration {unknown}
 i - a potion of flight {unknown}
 k - a potion of brilliance {unknown}


   Skills:
 + Level 2.2 Fighting
 * Level 2.5 Maces & Flails
 - Level 1.1 Throwing
 + Level 2.0 Armour
 - Level 1.5 Dodging
 - Level 2.0 Spellcasting
 + Level 3.4 Translocations


You had 4 spell levels left.
You knew the following spells:

 Your Spells              Type           Power      Damage    Failure   Level
a - Blink                 Tloc           20%        N/A       11%         2

Your spell library contained the following spells:

 Spells                   Type           Power      Damage    Failure   Level
 Lesser Beckoning         Tloc           20%        N/A       11%         2
 Teleport Other           Tloc           10%        N/A       22%         3
 Vhi's Electric Charge    Tloc/Air       10%        N/A       41%         3
 Manifold Assault         Tloc           10%        N/A       58%         4


Dungeon Overview and Level Annotations

Branches:
Dungeon (2/15)

Altars:


Innate Abilities, Weirdness & Mutations

You are completely covered in rugged brown scales. (AC +3, +7% HP)
Armour fits poorly on your strangely shaped body.
You have a long armoured tail.
You roll when moving toward enemies. (Rampage)
Your long tongue fully drains potion bottles. (2x potion effects)
Your tongue gives you trouble enunciating. (1.5x scroll delay)


Message History

The worm bites you!
There are monsters nearby!
You are too injured to fight recklessly!
You are too injured to fight recklessly!
You see here a +0 hand axe.
You roll towards the goblin!
You closely miss the goblin. You tail-slap the goblin.
You kill the goblin!
You see here 4 stones.
No target in view!
No target in view!
No target in view!
A worm is nearby!
A worm is nearby!
A worm is nearby!
A worm is nearby!
You sock the worm! You tail-slap the worm.
The worm is severely wounded.
The worm bites you.
You barely miss the worm.
The worm is severely wounded.
You hit the worm.
The worm is severely wounded.
The worm bites you!
* * * LOW HITPOINT WARNING * * *
You are too injured to fight recklessly!
You are too injured to fight recklessly!
You are too injured to fight recklessly!
You are too injured to fight recklessly!
You hit the worm.
The worm is severely wounded.
The worm bites you!
* * * LOW HITPOINT WARNING * * *
You hit the worm.
The worm is almost dead.
The worm bites you but does no damage.
You hit the worm.
The worm is almost dead.
The worm bites you.
You die...

.#
#.......w)......#
#
###############.#
#.# #.# #(# #.#
#.#######.#
#......##.#
#####..@w.#
#######..####
.........#
#######.## #.#
#.# #.#
########.####
............#


You could see a worm.

Vanquished Creatures
  2 adders (D:2)
  A worm (D:2)
  4 ball pythons (D:1)
  2 bats
  6 endoplasms
  3 giant cockroaches
  5 goblins
  6 hobgoblins (D:1)
  2 jackals (D:1)
  2 kobolds (D:1)
  3 rats
36 creatures vanquished.

Notes
Turn   | Place    | Note
-------+----------+-------------------------------------------
     0 | D:1      | AtlasWard the Armataur Warper began the quest for the Orb.
     0 | D:1      | Reached XP level 1. HP: 18/18 MP: 3/3
    37 | D:1      | Reached skill level 1 in Throwing
   184 | D:1      | Reached XP level 2. HP: 23/25 MP: 4/4
   657 | D:1      | Reached XP level 3. HP: 26/31 MP: 5/5
  1129 | D:2      | Learned a level 2 spell: Blink
  1297 | D:2      | Slain by a worm

Illustrated notes

Levels and vault maps discovered:
D:1:      dpeg_arrival_tiny_a, layout_loops_ring, minmay_tree_intersection
D:2:      layout_loops_ring, nicolae_wormholes

Skill      XL: |  1  2  3 |
---------------+----------+-----
Throwing       | 1 |  1.1
Maces & Flails | 2 |  2.5
Fighting       | 2 |  2.2
Spellcasting   | 2 |  2.0
Armour         | 2 |  2.0
Dodging        | |  1.5
Translocations | |  3.4

Action                     || total
---------------------------++-------
  Melee: Mace              ||   124
         Tailslap          ||    14
 Armour: Leather armour    ||    47
  Dodge: Dodged            ||    62

Table legend: (Time is in decaauts)
 A = Elapsed time spent in this place.
 B = Non-inter-level travel time spent in this place.
 C = Inter-level travel time spent in this place.
 D = Time resting spent in this place.
 E = Time spent auto-exploring this place.
 F = Levels seen in this place.
 G = Mean time per level.
                   A        B        C        D        E       F      G
               +--------+--------+--------+--------+--------+-----+--------+
         Total |   1333 |   1317 |     16 |      0 |   1025 |   2 |  666.5 |
       Dungeon |   1333 |   1317 |     16 |      0 |   1025 |   2 |  666.5 |
               +--------+--------+--------+--------+--------+-----+--------+

Top non-repeatable levels by time:
     D:1: 833 daAuts
     D:2: 500 daAuts
